 Dungeon Crawl Stone Soup version 0.30-a0-967-g9b59a09336 (webtiles) character file.

Game seed: 2746478350426983518

14528 Grim the Destroyer (level 11, -5/64 HPs)
             Began as a Deep Elf Conjurer on Mar 31, 2023.
             Was a Believer of Vehumet.
             Slain by a small abomination (12 damage)
             ... on level 2 of the Abyss.
             The game lasted 00:41:48 (18128 turns).

Grim the Destroyer (Deep Elf Conjurer)             Turns: 18128, Time: 00:41:48

Health: -5/64      AC:  5    Str: 10    XL:     11   Next: 89%
Magic:  0/23       EV: 15    Int: 28    God:    Vehumet [**....]
Gold:   834        SH:  0    Dex: 13    Spells: 15/33 levels left

rFire   . . .      SeeInvis .    h - +0 quarterstaff
rCold   . . .      Faith    .    (shield currently unavailable)
rNeg    . . .      Spirit   +    G - +0 troll leather armour
rPois   .          Reflect  .    n - +0 helmet
rElec   .          Rampage  .    (no cloak)
rCorr   +                        l - +0 pair of gloves
Will    +....                    c - +0 pair of boots
Stlth   ++                       o - amulet of guardian spirit
HPRegen 1.10/turn                g - ring of resist corrosion
MPRegen 0.18/turn                u - +6 ring of strength

@: studying Dodging, unable to drink
A: [deformed body], [deterioration 2], [low MP 2], [screaming 2], [no potion
heal 2], [subdued magic 3], [inability to drink after injury 2]
a: Renounce Religion


You were on level 2 of the Abyss.
You worshipped Vehumet.
Vehumet was pleased with you.
You visited 2 branches of the dungeon, and saw 14 of its levels.
You visited the Abyss 1 time.
You also visited: Sewer and Ice Cave.

You collected 834 gold pieces.

Inventory:

Hand Weapons
 h - a +0 quarterstaff (weapon)
Armour
 a - a +0 robe
 c - a +0 pair of boots (worn)
 l - a +0 pair of gloves (worn)
 n - a +0 helmet (worn)
 G - a +0 troll leather armour (worn)
Jewellery
 g - a ring of resist corrosion (left hand)
 o - an amulet of guardian spirit (around neck)
 u - a +6 ring of strength (right hand)
Wands
 s - a wand of quicksilver (2)
 z - a wand of iceblast (9)
 B - a wand of mindburst (5)
 I - a wand of flame (11)
Scrolls
 e - 3 scrolls of poison
 f - 3 scrolls of fear
 i - 2 scrolls of teleportation
 j - 3 scrolls of amnesia
 k - 2 scrolls of enchant armour
 m - 2 scrolls of magic mapping {unknown}
 p - 2 scrolls of brand weapon {unknown}
 t - 6 scrolls of immolation
 w - a scroll of acquirement {unknown}
 y - 4 scrolls of identify
 A - 3 scrolls of blinking {unknown}
 C - 3 scrolls of enchant weapon {unknown}
 F - a scroll of noise {unknown}
Potions
 b - 6 potions of flight
 d - 2 potions of ambrosia
 q - 5 potions of curing
 r - 3 potions of lignification
 v - a potion of heal wounds
 x - 2 potions of degeneration {!q}
 D - a potion of attraction
 E - 2 potions of mutation {!q}


   Skills:
 + Level 5.6 Fighting
 + Level 4.9 Staves
 - Level 10.0 Dodging
 - Level 2.4 Stealth
 - Level 11.5 Spellcasting
 + Level 13.3 Conjurations
 - Level 5.1 Hexes
 - Level 7.0 Air Magic


You had 15 spell levels left.
You knew the following spells:

 Your Spells              Type           Power      Damage    Failure   Level
a - Magic Dart            Conj           100%       1d8       0%          1
b - Searing Ray           Conj           94%        2d7       0%          2
c - Tukima's Dance        Hex            23%        N/A       1%          3
d - Fulminant Prism       Conj/Hex       17%        3d11      1%          4
e - Arcjolt               Conj/Air       19%        1d29      1%          5
f - Confusing Touch       Hex            23%        N/A       1%          3

Your spell library contained the following spells:

 Spells                   Type           Power      Damage    Failure   Level
 Poisonous Vapours        Pois/Air       36%        N/A       1%          2
 Static Discharge         Conj/Air       76%        2-6/arc   0%          2
 Beastly Appendage        Tmut           16%        N/A       1%          1
 Kiss of Death            Conj/Necr      100%       2d13      1%          1
 Dazzling Flash           Conj/Hex       70%        N/A       1%          3
 Portal Projectile        Hex/Tloc       32%        N/A       1%          3
 Vhi's Electric Charge    Tloc/Air       36%        N/A       1%          3
 Iskenderun's Mystic Bla  Conj/Tloc      28%        2d7       1%          4
 Sublimation of Blood     Necr           8%         N/A       3%          2
 Wereblood                Tmut           8%         N/A       3%          2
 Irradiate                Conj/Tmut      14%        3d16      4%          5
 Spider Form              Tmut/Pois      8%         N/A       8%          3
 Plasma Beam              Fire/Air       9%         2x1d14    19%         5
 Animate Dead             Necr           8%         N/A       30%         4
 Dispel Undead            Necr           8%         3d8       30%         4
 Petrify                  Tmut/Erth      8%         N/A       30%         4
 Blade Hands              Tmut           4%         N/A       67%         5
 Borgnjor's Vile Clutch   Necr/Erth      4%         N/A       67%         5
 Death Channel            Necr           4%         N/A       99%         6


Dungeon Overview and Level Annotations

Branches:
Dungeon (13/15)            Temple (1/1) D:5             Orc (0/2) D:9
  Sewer (visited)           IceCv (visited)
   Lair: D:8-11      Vaults: D:13-14

Altars:
Ashenzari
Cheibriados
Dithmenos
Elyvilon
Fedhas
Gozag
Hepliaklqana
Kikubaaqudgha
Makhleb
Okawaru
Qazlal
Ru
Sif Muna
Trog
Uskayaw
Vehumet
Wu Jian
Xom
Yredelemnul
Zin
The Shining One

Shops:
D:10 (

Portals:
Trove: D:10 (give +5 demon blade)

Annotations:
D:4 1 runed translucent door, flt's ghost, novice DgTm
D:11 3 runed translucent doors, ICC's ghost, journeyman VSGl; M4edhros's ghost, journeyman OpAr; soepkip's ghost, journeyman DECj
D:13 Josephine; Sonja


Innate Abilities, Weirdness & Mutations

[Armour fits poorly on your strangely shaped body.]
[Your body often deteriorates upon taking damage.]
[Your magical capacity is very low. (-20% MP)]
[You frequently scream uncontrollably at your foes.]
[Potions cannot restore your health.]
[Your spells are much easier to cast, but much less powerful.]
[You sometimes lose the ability to drink potions when taking damage.]


Message History

The large abomination hits you!
* * * LOW HITPOINT WARNING * * *
The small abomination attacks as you move away!
The small abomination completely misses you.
The small abomination closely misses you.
The wretched star pulses with an eldritch light!
Your body twists and deforms.
The small abomination attacks as you move away!
The small abomination misses you.
The small abomination attacks as you move away!
The small abomination hits you!
* * * LOW HITPOINT WARNING * * *
A golden eye comes into view.
The small abomination hits you!
* * * LOW HITPOINT WARNING * * *
The small abomination attacks as you move away!
The small abomination barely misses you.
The wretched star pulses with an eldritch light!
Your connection to magic feels nearly dormant.
The small abomination attacks as you move away!
The small abomination closely misses you.
The small abomination barely misses you.
The small abomination hits you!
* * * LOW HITPOINT WARNING * * *
The large abomination attacks as you move away!
The large abomination misses you.
The small abomination attacks as you move away!
The small abomination misses you.
The small abomination barely misses you.
The small abomination attacks as you move away!
The small abomination closely misses you.
The small abomination attacks as you move away!
The small abomination closely misses you.
The small abomination attacks as you move away!
The small abomination hits you.
* * * LOW HITPOINT WARNING * * *
The small abomination completely misses you.
The small abomination attacks as you move away!
The small abomination hits you!
You die...

##~....##..# #
#≈ #.*..# #.. .
##♣.# ##...#...#
~~
~##.##.x#......
~~~~.#..#....#..
. ≈~≈~#....#x#.#
.#.
~≈..~###..#.# ..
≈##.#~..x...#.
#~≈....@..##.#.
..~#........#.##
#..~.###...#.#
...... ..### #
....# ... ....
.... ... .... ##
...


You could see 2 small abominations.

Vanquished Creatures
  2 two-headed ogres
  2 cyclopes (D:12)
  A manticore (D:13)
  An orange demon (D:12)
  A komodo dragon (D:11)
  2 unseen horrors
  2 kobold demonologists
  2 trolls
  Grinder (D:4)
  A hornet (D:9)
  Prince Ribbit (D:7)
  Sigmund (D:2)
  A dancing weapon (D:9)
  19 yaks
  2 wyverns
  A wraith (D:13)
  A shadow (D:11)
  2 vampire mosquitoes (D:12)
  A harpy simulacrum (IceCv)
  A steam dragon (D:6)
  2 acid dragons
  A water moccasin (D:6)
  A hydra simulacrum (IceCv)
  2 orc warriors
  2 black bears
  2 sky beasts
  2 ogres (D:6)
  4 centaurs
  2 phantoms
  3 kobold brigands
  5 bullfrogs
  A gnoll sergeant (D:9)
  3 scorpions
  7 wights (D:6)
  A cane toad simulacrum (IceCv)
  9 killer bees
  An elephant simulacrum (IceCv)
  6 howler monkeys
  4 orc priests
  5 hounds
  3 jellies
  A sleepcap (D:7)
  4 orc wizards
  An iguana (D:5)
  Robin (D:3)
  10 gnolls
  A river rat (Sewer)
  4 adders
  3 white imps
  3 worms
  4 dart slugs
  24 orcs
  7 endoplasms
  2 giant cockroaches
  15 goblins
  7 hobgoblins
  12 jackals
  20 kobolds
  6 quokkas
  9 ball pythons
  2 bats (D:1)
  2 frilled lizards (D:2)
  10 rats
259 creatures vanquished.

Vanquished Creatures (collateral kills)
  2 two-headed ogres
  3 centaurs
5 creatures vanquished.

Vanquished Creatures (others)
  A dancing weapon (D:12)
  An orc wizard (D:7)
  An ufetubus (D:4)
  44 fulminant prisms
47 creatures vanquished.

Grand Total: 311 creatures vanquished

Notes
Turn   | Place    | Note
-------+----------+-------------------------------------------
     0 | D:1      | Grim the Deep Elf Conjurer began the quest for the Orb.
     0 | D:1      | Reached XP level 1. HP: 10/10 MP: 6/6
   209 | D:1      | Reached XP level 2. HP: 15/15 MP: 5/8
   217 | D:1      | Learned a level 2 spell: Searing Ray
   443 | D:1      | Reached XP level 3. HP: 12/19 MP: 1/10
   530 | D:1      | Reached skill level 5 in Conjurations
  1785 | D:2      | Noticed Sigmund
  1795 | D:2      | Killed Sigmund
  1796 | D:2      | Reached skill level 5 in Spellcasting
  1796 | D:2      | Reached XP level 4. HP: 22/24 MP: 3/13
  1796 | D:2      | Reached XP level 5. HP: 26/28 MP: 3/14
  1895 | D:2      | Learned a level 3 spell: Tukima's Dance
  1900 | D:2      | Learned a level 4 spell: Fulminant Prism
  2709 | D:3      | Noticed Robin
  2721 | D:3      | Killed Robin
  2722 | D:3      | Reached skill level 1 in Hexes
  3009 | D:3      | Reached XP level 6. HP: 31/32 MP: 12/16
  3342 | D:3      | Found a faded altar of an unknown god.
  3612 | D:4      | Noticed Grinder
  3619 | D:4      | Reached skill level 6 in Conjurations
  3620 | D:4      | Killed Grinder
  3621 | D:4      | Reached XP level 7. HP: 21/36 MP: 2/18
  3743 | D:4      | Found a broken altar of Ashenzari.
  3747 | D:4      | Saw a vision of the Shoals and the Snake Pit.
  3747 | D:4      | Noticed a harpy
  3747 | D:4      | Noticed a merfolk siren
  3747 | D:4      | Noticed a merfolk impaler
  3747 | D:4      | Noticed a water elemental
  3747 | D:4      | Noticed a merfolk aquamancer
  3747 | D:4      | Noticed a skyshark
  3747 | D:4      | Noticed a manticore
  3747 | D:4      | Noticed a shock serpent
  3747 | D:4      | Noticed a shock serpent
  3747 | D:4      | Noticed a naga warrior
  3747 | D:4      | Noticed a black mamba
  3747 | D:4      | Noticed a black mamba
  3747 | D:4      | Noticed a black mamba
  3748 | D:4      | Noticed a manticore
  3748 | D:4      | Noticed a skyshark
  3856 | D:4      | Found a runed translucent door.
  3858 | D:4      | Noticed flt's ghost (novice DgTm)
  4149 | D:4      | Noticed a yak
  4166 | D:4      | Killed a yak
  4167 | D:4      | Reached skill level 5 in Hexes
  4426 | D:5      | Entered Level 5 of the Dungeon
  4596 | D:5      | Found a glowing drain.
  4605 | Sewer    | Entered a sewer
  4668 | Sewer    | Learned a level 5 spell: Arcjolt
  4730 | Sewer    | Reached skill level 7 in Conjurations
  4740 | Sewer    | Reached skill level 1 in Air Magic
  4961 | Sewer    | Found a white marble altar of Elyvilon.
  5068 | D:5      | Reached XP level 8. HP: 41/41 MP: 12/21
  5337 | D:5      | Found a staircase to the Ecumenical Temple.
  5346 | Temple   | Entered the Ecumenical Temple
  5654 | Temple   | Became a worshipper of Vehumet
  6097 | D:5      | Found a hide-covered altar of Uskayaw.
  6097 | D:5      | Found a faded altar of an unknown god.
  6103 | D:5      | Found a hazy altar of Hepliaklqana.
  6105 | D:5      | Found a burning altar of Makhleb.
  6107 | D:5      | Found an ancient bone altar of Kikubaaqudgha.
  6343 | D:6      | Reached skill level 8 in Conjurations
  6934 | D:6      | Reached XP level 9. HP: 44/45 MP: 9/24
  7530 | D:6      | Reached skill level 9 in Conjurations
  7530 | D:6      | Reached skill level 5 in Air Magic
  8044 | D:7      | Reached skill level 10 in Spellcasting
  8806 | D:7      | HP: 2/45 [fell downstairs (1)]
  9612 | D:7      | Noticed Prince Ribbit
  9618 | D:7      | Killed Prince Ribbit
  9619 | D:7      | Reached skill level 10 in Conjurations
  9765 | D:7      | Reached * piety under Vehumet
  9765 | D:7      | Offered knowledge of Shock by Vehumet.
 10158 | D:8      | Reached XP level 10. HP: 50/50 MP: 18/27
 10443 | D:8      | Noticed a two-headed ogre
 10540 | D:8      | Killed a two-headed ogre
 10541 | D:8      | Reached skill level 11 in Conjurations
 10986 | D:9      | Found a staircase to the Orcish Mines.
 11354 | D:9      | Paralysed by a hornet for 3 turns
 11358 | D:9      | Reached skill level 1 in Fighting
 12016 | D:10     | Entered Level 10 of the Dungeon
 12018 | D:10     | Noticed a two-headed ogre
 12023 | D:10     | Killed a two-headed ogre
 12024 | D:10     | Reached skill level 5 in Dodging
 12335 | D:10     | Found Xenuirea's Firing Range.
 12506 | D:10     | Offered knowledge of Poisonous Vapours by Vehumet.
 12507 | D:10     | Reached skill level 12 in Conjurations
 12507 | D:10     | Reached XP level 11. HP: 30/60 MP: 1/28
 12580 | D:10     | Reached ** piety under Vehumet
 13057 | D:10     | Found a portal to a secret trove of treasure.
 13174 | D:10     | Noticed a two-headed ogre
 13183 | D:10     | Killed a two-headed ogre
 14244 | D:11     | Found a frozen archway.
 14250 | IceCv    | Entered an ice cave
 14261 | IceCv    | Noticed a white ugly thing
 14689 | D:11     | Noticed a sixfirhy
 14830 | D:11     | Noticed M4edhros's ghost (journeyman OpAr)
 14831 | D:11     | Noticed soepkip's ghost (journeyman DECj)
 14858 | D:11     | Reached skill level 10 in Dodging
 15133 | D:11     | Found a runed translucent gate.
 15134 | D:11     | Found a runed translucent gate.
 15135 | D:11     | Found a runed translucent gate.
 15135 | D:11     | Noticed ICC's ghost (journeyman VSGl)
 16059 | D:12     | Reached skill level 5 in Fighting
 16160 | D:12     | Reached skill level 13 in Conjurations
 16452 | D:12     | Noticed a two-headed ogre
 16466 | D:12     | Killed a two-headed ogre
 16581 | D:12     | Noticed a boulder beetle
 16887 | D:13     | Noticed Josephine
 17193 | D:12     | Noticed a boulder beetle
 17209 | D:12     | Learned a level 3 spell: Confusing Touch
 17958 | D:13     | Noticed Sonja
 17961 | Abyss:2  | Cast into level 2 of the Abyss (Sonja)
 18071 | Abyss:2  | Noticed a large abomination
 18083 | Abyss:2  | Noticed a wretched star
 18083 | Abyss:2  | Noticed a hell hog
 18083 | Abyss:2  | Noticed a starcursed mass
 18084 | Abyss:2  | Noticed a hell hog
 18116 | Abyss:2  | HP: 3/64 [small abomination (9)]
 18121 | Abyss:2  | HP: 2/64 [small abomination (6)]
 18128 | Abyss:2  | Slain by a small abomination

Illustrated notes

Levels and vault maps discovered:
D:1:      dpeg_arrival_rhombi, layout_rooms, kennysheep_doodads
D:2:      layout_basic, minmay_misc_feat_hallway, uniq_sigmund
D:3:      layout_basic, ebering_ecumenical_altar_sacrificial, uniq_robin
D:4:      layout_basic, grunt_ashenzari_visionary
          [grunt_ashenzari_visionary_shoals, grunt_ashenzari_visionary_snake],
          ebering_ghost_reflecting_pool, kennysheep_decorative_pillar,
          minmay_manual_mullet, uniq_grinder
D:5:      layout_rooms, chequers_temple_overflow_minitemple,
          minmay_temple_entry_glassed_door, cheibrodos_sewer_entry_drain
D:6:      layout_gridville, mrwooster_statue_mirror, minmay_quadrilaterals
D:7:      layout_loops_ring, uniq_prince_ribbit1
D:8:      layout_basic, mainiacjoe_overflow_cross_hatched,
          hellmonk_lair_entry_icy, enter_bailey_5
D:9:      layout_irregular_city, orc_0_dummy
D:10:     layout_stronghold, serial_column_ruins, column_ruins_grid_5,
          column_ruins_columns_straight, column_ruins_columns_T,
          column_ruins_grid_1, column_ruins_open_large,
          column_ruins_corridor_straight, nicolae_trove_entry_free_sample,
          nicolae_shop_firing_range
D:11:     layout_basic, gammafunk_ghost_cemetery,
          portal_ice_cave_entry_pillars_2
D:12:     layout_roguey, eino_small_chamber_without_monster,
          einodemon_barbed_minivault
D:13:     cheibrodos_tormentor_scu, layout_small_grid, uniq_josephine,
          uniq_sonja
Temple:   nicolae_temple_slightly_damp_pantheon
Abyss:2:  base:
D:11

Skill      XL: |  1  2  3  4  5  6  7  8  9 10 11 |
---------------+----------------------------------+-----
Spellcasting   | 4 5 6 7 9 11 | 11.5
Conjurations   | 5 6 7 8 10 12 13 | 13.3
Staves         | 2 3 4 |  4.9
Hexes          | 1 4 5 |  5.1
Air Magic      | 1 4 6 7 |  7.0
Dodging        | 7 10 | 10.0
Fighting       | 3 5 |  5.6
Stealth        | |  2.4

Action                     |  1- 3 |  4- 6 |  7- 9 | 10-12 || total
---------------------------+-------+-------+-------+-------++-------
  Melee: Quarterstaff      |       |     3 |    31 |    33 ||    67
   Cast: Magic Dart        |    76 |    33 |   114 |    32 ||   255
         Searing Ray       |     8 |    12 |    48 |    77 ||   145
         Fulminant Prism   |       |       |    16 |    28 ||    44
         Tukima's Dance    |       |       |       |    16 ||    16
         Confusing Touch   |       |       |       |     2 ||     2
    Use: Potion            |     1 |       |     1 |     4 ||     6
         Scroll            |       |       |     7 |     8 ||    15
   Stab: Confused          |       |       |       |     2 ||     2
 Armour: Robe              |     1 |     2 |    31 |    18 ||    52
         Troll leather arm |       |       |       |    24 ||    24
  Dodge: Dodged            |     9 |     7 |    71 |   155 ||   242

Table legend: (Time is in decaauts)
 A = Elapsed time spent in this place.
 B = Non-inter-level travel time spent in this place.
 C = Inter-level travel time spent in this place.
 D = Time resting spent in this place.
 E = Time spent auto-exploring this place.
 F = Levels seen in this place.
 G = Mean time per level.
                   A        B        C        D        E       F      G
               +--------+--------+--------+--------+--------+-----+--------+
         Total |  18237 |  17959 |    278 |   8930 |   7150 |  17 | 1072.8 |
       Dungeon |  17296 |  17037 |    259 |   8469 |   6877 |  13 | 1330.5 |
        Temple |    327 |    308 |     19 |    134 |    151 |   1 |  327.0 |
         Abyss |    171 |    171 |      0 |     85 |      0 |   1 |  171.0 |
         Sewer |    425 |    425 |      0 |    241 |    122 |   1 |  425.0 |
      Ice Cave |     16 |     16 |      0 |      0 |      0 |   1 |   16.0 |
               +--------+--------+--------+--------+--------+-----+--------+

Top non-repeatable levels by time:
     D:6: 2285 daAuts
    D:10: 2133 daAuts
    D:12: 1800 daAuts
     D:7: 1650 daAuts
     D:2: 1403 daAuts
     D:9: 1402 daAuts
    D:11: 1360 daAuts
     D:1: 1221 daAuts
     D:5: 1022 daAuts
     D:4: 943 daAuts
     D:3: 937 daAuts
     D:8: 581 daAuts
    D:13: 553 daAuts
   Sewer: 425 daAuts
  Temple: 327 daAuts
